[Event "ESP-chT 2nd Division 2019"]
[Site "Linares"]
[Date "2019.08.22"]
[Round "5.19"]
[White "Garcia Amoros, Pablo"]
[Black "Gonzalez Cano, Juan Jose"]
[Result "1/2-1/2"]
[ECO "C68"]
[WhiteElo "2101"]
[BlackElo "2019"]
[Annotator "ChessBase"]
[PlyCount "118"]
[EventDate "2019.08.19"]
[EventType "team-tourn"]
[EventCountry "ESP"]
[SourceTitle "playchess.com"]
[Source "ChessBase"]
[SourceQuality "1"]
[TimeControl "5400+30"]

1. e4 e5 2. Nf3 Nc6 3. Bb5 a6 4. Bxc6 dxc6 5. O-O Bg4 6. h3 h5 7. d3 Qf6 8. Nbd2 Ne7 9. Nc4 Bxf3 10. Qxf3 Qxf3 11. gxf3 Ng6 12. Rd1 Bd6 13. Kf1 O-O-O 14. Ke2 Nf8 15. f4 exf4 16. Nxd6+ cxd6 17. Bxf4 Ne6 18. Be3 g5 19. Rg1 Rhg8 20. f3 Rg6 21. Rg2 Rdg8 22. Rag1 d5 23. c4 dxc4 24. dxc4 c5 25. Rd1 Nf4+ 26. Bxf4 gxf4 27. Rxg6 Rxg6 28. Rd5 Rg2+ 29. Kd3 Rxb2 30. Rxc5+ Kd7 31. Rxh5 Rxa2 32. e5 Rf2 33. Ke4 Rc2 34. Rf5 Ke7 35. Kd5 Rh2 36. Rxf4 Rxh3 37. Rf6 Rh1 38. Rb6 Rd1+ 39. Ke4 Rd7 40. f4 Rc7 41. Kd5 Rd7+ 42. Kc5 Rc7+ 43. Kb4 a5+ 44. Kc3 a4 45. f5 a3 46. Rb3 a2 47. Kb2 a1=Q+ 48. Kxa1 Rxc4 49. Rxb7+ Ke8 50. f6 Rc5 51. Re7+ Kf8 52. Kb2 Rc8 53. Kb3 Rc1 54. Kb4 Kg8 55. Re8+ Kh7 56. Re7 Kg6 57. Kb5 Kf5 58. Rxf7 Kxe5 59. Rf8 Ke6 1/2-1/2

[Event "ESP-chT 2nd Division 2019"]
[Site "Linares"]
[Date "2019.08.22"]
[Round "5.20"]
[White "Guillo Longares, Cecilia"]
[Black "Castellet Menchon, Cora"]
[Result "1-0"]
[ECO "A57"]
[WhiteElo "1916"]
[BlackElo "1866"]
[Annotator "NA"]
[PlyCount "57"]
[EventDate "2019.08.19"]
[EventType "team-tourn"]
[EventCountry "ESP"]
[SourceTitle "playchess.com"]
[Source "ChessBase"]
[SourceQuality "1"]
[TimeControl "5400+30"]

1. d4 Nf6 2. c4 c5 3. d5 b5 4. cxb5 a6 5. e3 g6 6. Nc3 Bg7 7. e4 d6 8. a4 O-O 9. Nf3 axb5 10. Bxb5 Ba6 11. Bd2 Nbd7 12. O-O Bxb5 13. axb5 Nb6 14. Ra6 Nc4 15. Qb3 Nxd2 16. Nxd2 Qc7 17. Rfa1 Rxa6 18. bxa6 Ra8 19. Nb5 Qb8 20. a7 Qb7 21. Qa4 Bh6 22. Nb3 Nxe4 23. Na5 Qxd5 24. Nc7 Qf5 25. Nxa8 Qxf2+ 26. Kh1 Qe2 27. Qxe4 Qxe4 28. Nc7 Qh4 29. a8=Q+ 1-0

[Event "ESP-chT 2nd Division 2019"]
[Site "Linares"]
[Date "2019.08.22"]
[Round "5.21"]
[White "Montoliu Cervero, Francisco"]
[Black "Ayats Llobera, Gerard"]
[Result "0-1"]
[ECO "C41"]
[WhiteElo "2393"]
[BlackElo "2377"]
[Annotator "NA"]
[PlyCount "94"]
[EventDate "2019.08.19"]
[EventType "team-tourn"]
[EventCountry "ESP"]
[SourceTitle "playchess.com"]
[Source "ChessBase"]
[SourceQuality "1"]
[TimeControl "5400+30"]

1. e4 d6 2. d4 Nf6 3. Nc3 e5 4. Nf3 Nbd7 5. Bc4 Be7 6. O-O O-O 7. Re1 c6 8. a4 h6 9. h3 Re8 10. b3 Bf8 11. Ba3 Qc7 12. Qd2 exd4 13. Nxd4 Ne5 14. Bf1 Bd7 15. Rad1 Rad8 16. f4 Ng6 17. Qf2 a6 18. g3 b5 19. axb5 axb5 20. Qf3 Qc8 21. Nf5 Bxf5 22. exf5 Rxe1 23. Rxe1 Qxf5 24. Qg2 d5 25. Bd3 Qd7 26. Bb2 Re8 27. Rxe8 Qxe8 28. Qf2 Bd6 29. Ne2 Ne4 30. Qe3 Bc5 31. Nd4 Ne7 32. g4 f5 33. Bxe4 dxe4 34. Qc3 Bb6 35. Kf1 Qd7 36. Nf3 Ng6 37. gxf5 exf3 38. Qxf3 Qxf5 39. Qxc6 Qxf4+ 40. Ke2 Qf2+ 41. Kd1 Be3 42. Bc3 Qf1+ 43. Be1 Bf2 44. Qe6+ Kh7 45. c4 Qd3+ 46. Kc1 Be3+ 47. Kb2 Qe2+ 0-1

[Event "ESP-chT 2nd Division 2019"]
[Site "Linares"]
[Date "2019.08.22"]
[Round "5.22"]
[White "Martin Gonzalez, Angel"]
[Black "Silva Rodriguez, Julio Jose"]
[Result "1/2-1/2"]
[ECO "C03"]
[WhiteElo "2334"]
[BlackElo "2362"]
[Annotator "ChessBase"]
[PlyCount "211"]
[EventDate "2019.08.19"]
[EventType "team-tourn"]
[EventCountry "ESP"]
[SourceTitle "playchess.com"]
[Source "ChessBase"]
[SourceQuality "1"]
[TimeControl "5400+30"]

1. e4 e6 2. d4 d5 3. Nd2 Be7 4. Ngf3 Nf6 5. Bd3 c5 6. c3 cxd4 7. cxd4 dxe4 8. Nxe4 Bd7 9. Nc3 Bc6 10. O-O Nbd7 11. Re1 Nb6 12. Ne5 Nbd5 13. a3 Rc8 14. Bc2 Nxc3 15. bxc3 Qd5 16. f3 O-O 17. a4 Rfd8 18. a5 Be8 19. Qd3 Bb5 20. Qe3 Bd6 21. f4 Bb4 22. Bd2 Rc7 23. Bd1 Bf8 24. Qh3 Bc4 25. Bf3 Qd6 26. Nxc4 Rxc4 27. Bxb7 Nd5 28. Qf3 Qc7 29. Ba6 Rxc3 30. Bxc3 Nxc3 31. f5 exf5 32. Qxf5 g6 33. Qd3 Bc5 34. Kh1 Bxd4 35. Qc4 Qxc4 36. Bxc4 Ne4 37. Rxe4 Bxa1 38. g3 Rd7 39. a6 Kg7 40. Re8 Bd4 41. Rb8 Rc7 42. Bd5 Rc2 43. Rb7 Rf2 44. Rd7 Bb6 45. Rb7 Be3 46. Re7 Bd4 47. Rd7 Bb6 48. Rb7 Rf6 49. Kg2 g5 50. g4 Bd4 51. Rd7 Bc5 52. Rc7 Rf2+ 53. Kg3 Bd4 54. Rd7 Rf4 55. h3 h6 56. Kg2 Rf2+ 57. Kg3 Rf6 58. Kg2 Bb6 59. Rb7 Kf8 60. Rb8+ Kg7 61. Rb7 Rf2+ 62. Kg3 Bc5 63. Rc7 Bd4 64. Rd7 Rf4 65. Kg2 Bc5 66. Rc7 Be3 67. Re7 Bd4 68. Rd7 Rf2+ 69. Kg3 Rf6 70. Kg2 Kf8 71. Bxf7 Rxf7 72. Rxd4 Rf6 73. Ra4 Ke7 74. Kg3 Rb6 75. Ra3 Kd6 76. h4 Kc5 77. hxg5 hxg5 78. Kf3 Kb4 79. Ra1 Rf6+ 80. Kg3 Kb5 81. Re1 Kxa6 82. Re5 Rg6 83. Kf3 Kb6 84. Ke4 a5 85. Kd4 Rd6+ 86. Kc4 Rc6+ 87. Kd4 Rd6+ 88. Kc4 Rc6+ 89. Kd4 a4 90. Rxg5 a3 91. Rg8 Ka5 92. Ra8+ Kb4 93. Rb8+ Ka4 94. Ra8+ Kb3 95. Rb8+ Kc2 96. Ra8 Rc3 97. g5 Kb2 98. Ke5 a2 99. Rxa2+ Kxa2 100. g6 Rc6 101. Kf5 Kb3 102. g7 Rc8 103. Ke6 Kc4 104. Kf7 Rc7+ 105. Kf6 Rxg7 106. Kxg7 1/2-1/2

[Event "ESP-chT 2nd Division 2019"]
[Site "Linares"]
[Date "2019.08.22"]
[Round "5.23"]
[White "Nieves Cabanes, Jose Manuel"]
[Black "Jimenez Ruano, Adrian"]
[Result "1-0"]
[ECO "A45"]
[WhiteElo "2311"]
[BlackElo "2278"]
[Annotator "NA"]
[PlyCount "65"]
[EventDate "2019.08.19"]
[EventType "team-tourn"]
[EventCountry "ESP"]
[SourceTitle "playchess.com"]
[Source "ChessBase"]
[SourceQuality "1"]
[TimeControl "5400+30"]

1. d4 Nf6 2. Bf4 d5 3. e3 c5 4. c3 Qb6 5. Qb3 c4 6. Qc2 Nc6 7. Nd2 g6 8. e4 dxe4 9. Bxc4 Na5 10. Be2 Bf5 11. Be3 Nd5 12. g4 Nxe3 13. fxe3 Bd7 14. Nxe4 f5 15. gxf5 Bxf5 16. Bd3 Bh6 17. Qe2 Rc8 18. Bb5+ Kf7 19. Ng3 Be6 20. Nf3 Kg7 21. Ne5 Rhf8 22. Bd3 Bh3 23. Rg1 Kh8 24. Ne4 Bf5 25. h4 Qe6 26. h5 Bxe4 27. Bxe4 Qh3 28. Kd2 Qh4 29. Rg4 Qf2 30. hxg6 Rcd8 31. Qxf2 Rxf2+ 32. Kd3 hxg6 33. Rh1 1-0

[Event "ESP-chT 2nd Division 2019"]
[Site "Linares"]
[Date "2019.08.22"]
[Round "5.24"]
[White "Sanchez Lopez, Juan Manuel"]
[Black "Nieves Cabanes, Javier"]
[Result "1-0"]
[ECO "A20"]
[WhiteElo "2084"]
[BlackElo "2211"]
[Annotator "NA"]
[PlyCount "107"]
[EventDate "2019.08.19"]
[EventType "team-tourn"]
[EventCountry "ESP"]
[SourceTitle "playchess.com"]
[Source "ChessBase"]
[SourceQuality "1"]
[TimeControl "5400+30"]

1. c4 e5 2. g3 Nf6 3. Bg2 h6 4. d3 Bc5 5. Nc3 Nc6 6. e3 d6 7. Nge2 a6 8. a3 O-O 9. O-O Bg4 10. b4 Ba7 11. Qc2 Qd7 12. Bb2 Bh3 13. Nd5 Nxd5 14. cxd5 Bxg2 15. Kxg2 Ne7 16. Rac1 Rac8 17. e4 c6 18. dxc6 Nxc6 19. Qb3 Kh8 20. f4 f5 21. fxe5 Nxe5 22. d4 Rxc1 23. Bxc1 Ng4 24. Nf4 Re8 25. Qd5 Nf6 26. Qxf5 Rxe4 27. Qxd7 Nxd7 28. Kf3 Re8 29. Bb2 Nf6 30. Rc1 Bb6 31. d5 Re3+ 32. Kg2 Kh7 33. Bxf6 gxf6 34. Rc8 Rxa3 35. Rb8 Bd4 36. Rxb7+ Kg8 37. Rb8+ Kf7 38. Rb7+ Ke8 39. Ne6 Be5 40. Ra7 Ra4 41. Rb7 h5 42. b5 axb5 43. Rxb5 Kf7 44. Rb7+ Kg6 45. Rg7+ Kh6 46. Rg8 Ra5 47. Nf8 h4 48. g4 Ra2+ 49. Kf3 Ra3+ 50. Ke2 Ra2+ 51. Kd3 Ra3+ 52. Kc2 Ra2+ 53. Kb3 Rb2+ 54. Ka3 1-0

[Event "ESP-chT 2nd Division 2019"]
[Site "Linares"]
[Date "2019.08.22"]
[Round "5.25"]
[White "Ortega Sanchis, Angela"]
[Black "Catalan Gasque, Noelia"]
[Result "1/2-1/2"]
[ECO "C11"]
[WhiteElo "1675"]
[BlackElo "1789"]
[Annotator "NA"]
[PlyCount "77"]
[EventDate "2019.08.19"]
[EventType "team-tourn"]
[EventCountry "ESP"]
[SourceTitle "playchess.com"]
[Source "ChessBase"]
[SourceQuality "1"]
[TimeControl "5400+30"]

1. e4 e6 2. d4 d5 3. Nc3 Nf6 4. e5 Nfd7 5. f4 c5 6. Nf3 Nc6 7. Be3 cxd4 8. Nxd4 Bc5 9. Be2 a6 10. O-O Nxd4 11. Bxd4 Qb6 12. Bxc5 Nxc5 13. Qd4 O-O 14. Kh1 g6 15. Rf3 Nd7 16. Qd2 f6 17. Raf1 fxe5 18. fxe5 Rxf3 19. Bxf3 Nxe5 20. Bxd5 exd5 21. Qxd5+ Be6 22. Qxe5 Rf8 23. Rxf8+ Kxf8 24. Qf6+ Ke8 25. Qh8+ Kf7 26. Qxh7+ Kf8 27. Qh6+ Kf7 28. Qf4+ Kg7 29. Qe5+ Kf7 30. b3 Qf2 31. Qe2 Qd4 32. Qf3+ Ke8 33. h3 Bf5 34. Qe2+ Kf8 35. Qf3 Ke8 36. g4 Bd7 37. Qe2+ Kf8 38. Qf3+ Ke8 39. Qe2+ 1/2-1/2

[Event "ESP-chT 2nd Division 2019"]
[Site "Linares"]
[Date "2019.08.22"]
[Round "5.26"]
[White "Alcazar Jimenez, Jesus"]
[Black "Fernandez Barrera, Victor"]
[Result "1/2-1/2"]
[ECO "B30"]
[WhiteElo "2160"]
[BlackElo "2301"]
[Annotator "ChessBase"]
[PlyCount "73"]
[EventDate "2019.08.19"]
[EventType "team-tourn"]
[EventCountry "ESP"]
[SourceTitle "playchess.com"]
[Source "ChessBase"]
[SourceQuality "1"]
[TimeControl "5400+30"]

1. e4 c5 2. Nf3 Nc6 3. Bb5 e6 4. Bxc6 bxc6 5. b3 Ne7 6. Ba3 Ng6 7. d4 Qa5+ 8. Qd2 Qxd2+ 9. Nbxd2 cxd4 10. Bxf8 Rxf8 11. Nxd4 Ba6 12. c4 c5 13. Ne2 Bb7 14. Nc3 Bc6 15. O-O f5 16. Rfe1 O-O-O 17. Rad1 Kc7 18. f3 h6 19. Nf1 f4 20. Nd2 Ne5 21. Ndb1 a6 22. Na3 g5 23. Nc2 Rg8 24. Nd5+ Kb7 25. h3 h5 26. Kf2 Rg7 27. Rh1 d6 28. Nc3 Kc7 29. Ne1 Rdg8 30. Ne2 Rf8 31. Nd3 Nd7 32. h4 e5 33. hxg5 Rxg5 34. Rh2 Rfg8 35. Rdh1 Nf6 36. Nc3 Rb8 37. Ne2 1/2-1/2

[Event "ESP-chT 2nd Division 2019"]
[Site "Linares"]
[Date "2019.08.22"]
[Round "5.27"]
[White "Buendia Pinar, Alvaro"]
[Black "Garcia Salamero, Gabriel"]
[Result "1/2-1/2"]
[ECO "D55"]
[WhiteElo "2277"]
[BlackElo "2168"]
[Annotator "NA"]
[PlyCount "66"]
[EventDate "2019.08.19"]
[EventType "team-tourn"]
[EventCountry "ESP"]
[SourceTitle "playchess.com"]
[Source "ChessBase"]
[SourceQuality "1"]
[TimeControl "5400+30"]

1. d4 d5 2. c4 e6 3. Nc3 Nf6 4. Bg5 Be7 5. e3 O-O 6. Nf3 b6 7. Bd3 Bb7 8. O-O Ne4 9. Bxe7 Qxe7 10. Qc2 f5 11. cxd5 exd5 12. Ne5 c5 13. f3 Nd6 14. f4 Nd7 15. Qe2 Nf6 16. a4 a6 17. b3 Rfc8 18. Rfc1 Kh8 19. Nd1 Qe6 20. Rc2 Nde4 21. Rac1 a5 22. Nf2 Qe7 23. Bb5 Nxf2 24. Qxf2 Ne4 25. Qe1 Rc7 26. Bd3 Rac8 27. h3 cxd4 28. exd4 Rxc2 29. Rxc2 Rxc2 30. Bxc2 Qc7 31. Bd3 h6 32. Kh2 Kh7 33. Qh4 Qc1 1/2-1/2

[Event "ESP-chT 2nd Division 2019"]
[Site "Linares"]
[Date "2019.08.22"]
[Round "5.28"]
[White "Garcia Garrido, Antonio"]
[Black "Jimenez Martinez, Jose Vicente"]
[Result "0-1"]
[ECO "B06"]
[WhiteElo "2136"]
[BlackElo "2264"]
[Annotator "NA"]
[PlyCount "64"]
[EventDate "2019.08.19"]
[EventType "team-tourn"]
[EventCountry "ESP"]
[SourceTitle "playchess.com"]
[Source "ChessBase"]
[SourceQuality "1"]
[TimeControl "5400+30"]

1. e4 d6 2. d4 g6 3. Nc3 Bg7 4. Be3 a6 5. Nf3 b5 6. Bd3 Bb7 7. e5 Nd7 8. e6 fxe6 9. Ng5 Nf8 10. O-O Nh6 11. a4 b4 12. Ne2 Nf7 13. Ne4 e5 14. c3 bxc3 15. bxc3 Bxe4 16. Bxe4 d5 17. Bb1 exd4 18. Bxd4 e5 19. Re1 Ne6 20. f4 O-O 21. Bxe5 Nxe5 22. fxe5 Bxe5 23. Ng3 Qd6 24. Ba2 c6 25. c4 Bxg3 26. hxg3 Qxg3 27. Qd2 Ng5 28. Re3 Nh3+ 29. Kh1 Nf2+ 30. Kg1 Qh4 31. Rh3 Nxh3+ 32. gxh3 Rf3 0-1

[Event "ESP-chT 2nd Division 2019"]
[Site "Linares"]
[Date "2019.08.22"]
[Round "5.29"]
[White "Alvarez Serrano, Carlos"]
[Black "Collado Barbas, Laura"]
[Result "0-1"]
[ECO "A13"]
[WhiteElo "2244"]
[BlackElo "2070"]
[Annotator "NA"]
[PlyCount "62"]
[EventDate "2019.08.19"]
[EventType "team-tourn"]
[EventCountry "ESP"]
[SourceTitle "playchess.com"]
[Source "ChessBase"]
[SourceQuality "1"]
[TimeControl "5400+30"]

1. c4 e6 2. g3 d5 3. Bg2 Nf6 4. Nf3 d4 5. O-O c5 6. e3 Nc6 7. exd4 cxd4 8. d3 Be7 9. Re1 O-O 10. Na3 Ne8 11. Nc2 a5 12. b3 f6 13. a3 e5 14. Rb1 Nc7 15. b4 axb4 16. axb4 b5 17. Nh4 Bd7 18. Nf5 Bxf5 19. Bxc6 bxc4 20. dxc4 Ra2 21. Be4 Bxe4 22. Rxe4 d3 23. Ne3 d2 24. Bxd2 Rxd2 25. Qb3 Qd7 26. c5+ Kh8 27. Nc4 Rd3 28. Qc2 Qd5 29. Re2 Nb5 30. Ne3 Qd8 31. Nd1 Na3 0-1

[Event "ESP-chT 2nd Division 2019"]
[Site "Linares"]
[Date "2019.08.22"]
[Round "5.30"]
[White "Lopez Paniego, Noel"]
[Black "Jimenez Fernandez, Rebeca"]
[Result "0-1"]
[ECO "A06"]
[WhiteElo "2059"]
[BlackElo "1928"]
[Annotator "NA"]
[PlyCount "92"]
[EventDate "2019.08.19"]
[EventType "team-tourn"]
[EventCountry "ESP"]
[SourceTitle "playchess.com"]
[Source "ChessBase"]
[SourceQuality "1"]
[TimeControl "5400+30"]

1. Nf3 d5 2. b3 Nf6 3. Bb2 g6 4. e3 Bg7 5. d4 Bg4 6. h3 Bxf3 7. Qxf3 O-O 8. Bd3 Nbd7 9. O-O c5 10. Nd2 Rc8 11. Rfd1 e6 12. Rac1 Qe7 13. Qe2 e5 14. dxe5 Nxe5 15. c4 Rfd8 16. Bb1 Nc6 17. cxd5 Nxd5 18. Ne4 b6 19. Bxg7 Kxg7 20. Qb2+ Qe5 21. Qxe5+ Nxe5 22. Rd2 Rd7 23. Rcd1 Rcd8 24. Ng3 Nc3 25. Rxd7 Rxd7 26. Rc1 Nxb1 27. Rxb1 Rd2 28. a4 f5 29. f4 Nd3 30. Nf1 Rb2 31. Rxb2 Nxb2 32. Nd2 Kf6 33. Kf1 Ke6 34. Ke2 Kd5 35. g4 c4 36. bxc4+ Nxc4 37. gxf5 gxf5 38. Nb3 Ke4 39. Nd4 Nxe3 40. Nb5 a6 41. Nc7 a5 42. Ne6 Nd5 43. Ng5+ Kxf4 44. Nxh7 Nc3+ 45. Kf2 Nxa4 46. h4 Kg4 0-1

[Event "ESP-chT 2nd Division 2019"]
[Site "Linares"]
[Date "2019.08.22"]
[Round "5.31"]
[White "Bernabeu Lopez, Carlos Javier"]
[Black "Narciso Dublan, Marc"]
[Result "0-1"]
[ECO "A06"]
[WhiteElo "2370"]
[BlackElo "2483"]
[Annotator "ChessBase"]
[PlyCount "92"]
[EventDate "2019.08.19"]
[EventType "team-tourn"]
[EventCountry "ESP"]
[SourceTitle "playchess.com"]
[Source "ChessBase"]
[SourceQuality "1"]
[TimeControl "5400+30"]

1. Nf3 d5 2. g3 Bg4 3. Bg2 e6 4. O-O Nf6 5. c4 Nbd7 6. cxd5 exd5 7. h3 Bh5 8. d4 c6 9. Nc3 Bd6 10. Nh4 O-O 11. Nf5 Bb4 12. Bf4 Nb6 13. a3 Bxc3 14. bxc3 Qd7 15. g4 Bg6 16. Ng3 Ne4 17. Bxe4 dxe4 18. e3 f5 19. g5 Bf7 20. Qd2 Bc4 21. Rfd1 Nd5 22. Kh2 Rae8 23. Be5 g6 24. Bf4 Re6 25. Re1 Qd8 26. a4 Rf7 27. h4 Nxf4 28. exf4 c5 29. Qe3 Rd7 30. Red1 Red6 31. h5 cxd4 32. cxd4 Bd3 33. h6 Rxd4 34. Rdc1 b6 35. Rc3 Ba6 36. Qc1 Rd2 37. Qe1 Rxf2+ 38. Qxf2 Rd2 39. Ra2 Rxf2+ 40. Rxf2 Bd3 41. Ne2 e3 42. Rg2 Be4 43. Rg3 Qd1 44. Rgxe3 Qh1+ 45. Kg3 Qg2+ 46. Kh4 Qg4# 0-1

[Event "ESP-chT 2nd Division 2019"]
[Site "Linares"]
[Date "2019.08.22"]
[Round "5.32"]
[White "Bayo Milagro, Alvaro"]
[Black "Blanco Acevedo, Cristobal Jose"]
[Result "0-1"]
[ECO "E70"]
[WhiteElo "2284"]
[BlackElo "2342"]
[Annotator "NA"]
[PlyCount "70"]
[EventDate "2019.08.19"]
[EventType "team-tourn"]
[EventCountry "ESP"]
[SourceTitle "playchess.com"]
[Source "ChessBase"]
[SourceQuality "1"]
[TimeControl "5400+30"]

1. d4 Nf6 2. c4 g6 3. Nc3 Bg7 4. e4 d6 5. Bg5 h6 6. Be3 O-O 7. h3 e5 8. d5 Na6 9. g4 Nc5 10. Qc2 c6 11. b4 cxd5 12. exd5 Ncd7 13. Rd1 Qe7 14. Nge2 a5 15. a3 axb4 16. axb4 e4 17. Ng3 Ra3 18. Nb5 Rxe3+ 19. fxe3 Ne5 20. Be2 Ne8 21. Kd2 f5 22. gxf5 gxf5 23. Rdf1 f4 24. exf4 Ng6 25. Qxe4 Qf6 26. Bd3 Qb2+ 27. Ke3 Nh4 28. Qh7+ Kf7 29. Nh5 Rh8 30. Nxd6+ Kf8 31. Qxh8+ Bxh8 32. Nxc8 Qd4+ 33. Ke2 Ng2 34. Rf3 Qb2+ 35. Kf1 Nh4 0-1

[Event "ESP-chT 2nd Division 2019"]
[Site "Linares"]
[Date "2019.08.22"]
[Round "5.33"]
[White "Castilla Leon Salas, Carlos"]
[Black "Lizuain Toni, Javier"]
[Result "1-0"]
[ECO "A41"]
[WhiteElo "2252"]
[BlackElo "1884"]
[Annotator "NA"]
[PlyCount "87"]
[EventDate "2019.08.19"]
[EventType "team-tourn"]
[EventCountry "ESP"]
[SourceTitle "playchess.com"]
[Source "ChessBase"]
[SourceQuality "1"]
[TimeControl "5400+30"]

1. d4 d6 2. c4 e5 3. d5 f5 4. e4 fxe4 5. Nc3 Nf6 6. Nge2 Bf5 7. Ng3 Bg6 8. Bg5 Nbd7 9. Ngxe4 Be7 10. Bxf6 Bxf6 11. Bd3 O-O 12. Qg4 Be7 13. O-O-O Rf4 14. Qe2 Qf8 15. Kb1 Re8 16. Qc2 Nc5 17. f3 Bxe4 18. Nxe4 Nxd3 19. Rxd3 Qf5 20. Re1 Rf8 21. Qe2 Qh5 22. h3 Qf7 23. Ra3 Ra8 24. Qe3 a6 25. Qb3 b6 26. Qa4 Rf8 27. Qd7 Bd8 28. Qxf7+ Kxf7 29. Rxa6 Ke8 30. b4 Be7 31. Re3 g5 32. Ra8+ Kd7 33. Rxf8 Rxf8 34. Kc2 h5 35. Ng3 Rf4 36. Re4 Rxe4 37. fxe4 h4 38. Nf5 Bf6 39. Kd3 c5 40. dxc6+ Kxc6 41. a4 Bd8 42. Ke3 Kd7 43. Kf3 Ke6 44. Kg4 {[%emt 0:00:08] Kd5} 1-0

[Event "ESP-chT 2nd Division 2019"]
[Site "Linares"]
[Date "2019.08.22"]
[Round "5.34"]
[White "Roldan Marques, Marta"]
[Black "Ordonez Torres, Maria Del Carmen"]
[Result "1/2-1/2"]
[ECO "C55"]
[WhiteElo "1886"]
[BlackElo "2027"]
[Annotator "NA"]
[PlyCount "252"]
[EventDate "2019.08.19"]
[EventType "team-tourn"]
[EventCountry "ESP"]
[SourceTitle "playchess.com"]
[Source "ChessBase"]
[SourceQuality "1"]
[TimeControl "5400+30"]

1. e4 e5 2. Nf3 Nc6 3. Bc4 Nf6 4. d3 Be7 5. Nc3 d6 6. h3 Na5 7. Bb5+ c6 8. Ba4 b5 9. Bb3 O-O 10. Be3 a6 11. Ne2 h6 12. Ng3 Re8 13. Qd2 Bf8 14. O-O Nxb3 15. axb3 d5 16. exd5 Nxd5 17. d4 Nxe3 18. Qxe3 exd4 19. Qxd4 c5 20. Qxd8 Rxd8 21. Rad1 Be6 22. Ne5 Rac8 23. Ng4 c4 24. bxc4 Bxc4 25. Rfe1 Be6 26. c3 a5 27. Ne2 Bc4 28. Rxd8 Rxd8 29. Nd4 Bc5 30. Nc6 Rd2 31. Nxa5 Be6 32. Ne3 Rxb2 33. Nc6 Rb3 34. Nd4 Bxd4 35. cxd4 Kf8 36. Kf1 b4 37. f3 Rd3 38. d5 Bxd5 39. Nxd5 Rxd5 40. Rb1 Rd4 41. Ke2 Ke7 42. Ke3 Rc4 43. Kd3 Rh4 44. g4 Rxh3 45. Ke3 Kf6 46. Rxb4 Kg6 47. Rb6+ f6 48. Kf4 Rh1 49. Rb7 Ra1 50. Rc7 Ra5 51. Rc6 h5 52. gxh5+ Kxh5 53. Rc7 Kg6 54. Rb7 Ra4+ 55. Kg3 Kh6 56. Rf7 Rb4 57. Kh3 Kg6 58. Ra7 Rb1 59. Kg3 Kh6 60. Rf7 Rb4 61. Kh3 Rb6 62. Kg4 g6 63. Ra7 Rb4+ 64. Kg3 Kg5 65. Ra5+ f5 66. Rc5 Kh5 67. Ra5 Kh6 68. Rc5 Rd4 69. Ra5 Kg5 70. Rb5 Rd6 71. Ra5 Rd1 72. Rb5 Rg1+ 73. Kf2 Rc1 74. Kg3 Re1 75. Ra5 Kf6 76. Rb5 g5 77. Ra5 f4+ 78. Kf2 Re6 79. Rb5 Kg6 80. Rb1 Rc6 81. Rb8 Rc2+ 82. Kf1 Rc7 83. Rb2 Rc3 84. Kg2 Rc6 85. Rb8 Rc2+ 86. Kf1 Rc6 87. Kg2 Re6 88. Ra8 Re7 89. Rb8 Rg7 90. Rf8 Rh7 91. Ra8 Kh5 92. Rg8 Rh6 93. Rg7 Rh8 94. Kf2 Rb8 95. Rh7+ Kg6 96. Ra7 Rb2+ 97. Kf1 Rc2 98. Ra8 Rc6 99. Kg2 Kh5 100. Rh8+ Rh6 101. Rg8 Rh7 102. Kf2 Rh6 103. Rg7 Rb6 104. Rh7+ Kg6 105. Ra7 Re6 106. Ra8 Kf5 107. Ra5+ Kg6 108. Ra8 Re3 109. Rb8 Re7 110. Ra8 Rg7 111. Rb8 Rh7 112. Kg2 Rh4 113. Rg8+ Kf6 114. Rf8+ Kg7 115. Rf5 Rh5 116. Ra5 Rh6 117. Ra7+ Kg6 118. Ra8 Rh7 119. Rb8 Rf7 120. Ra8 Re7 121. Kf2 Kf5 122. Rf8+ Ke6 123. Rg8 Kf6 124. Rf8+ Rf7 125. Ra8 Re7 126. Rf8+ Ke5 1/2-1/2

[Event "ESP-chT 2nd Division 2019"]
[Site "Linares"]
[Date "2019.08.22"]
[Round "5.35"]
[White "Jimenez De La Torre, Jose A."]
[Black "Beaumont Arizaleta, Mikel"]
[Result "1-0"]
[ECO "C11"]
[WhiteElo "1978"]
[BlackElo "1754"]
[Annotator "NA"]
[PlyCount "43"]
[EventDate "2019.08.19"]
[EventType "team-tourn"]
[EventCountry "ESP"]
[SourceTitle "playchess.com"]
[Source "ChessBase"]
[SourceQuality "1"]
[TimeControl "5400+30"]

1. e4 e6 2. Nf3 d5 3. Nc3 Nf6 4. e5 Nfd7 5. d4 c5 6. Bg5 Qb6 7. dxc5 Bxc5 8. Qd2 Bxf2+ 9. Qxf2 Qxb2 10. Kd2 Qxa1 11. Bb5 Qxh1 12. Qc5 Qxg2+ 13. Kc1 Qxg5+ 14. Nxg5 Nc6 15. Bxc6 bxc6 16. Qxc6 Rb8 17. Nxd5 O-O 18. Ne7+ Kh8 19. Nxc8 Nxe5 20. Qe4 Ng6 21. Ne7 Rb6 22. Qa8 1-0

[Event "ESP-chT 2nd Division 2019"]
[Site "Linares"]
[Date "2019.08.22"]
[Round "5.36"]
[White "Biedma Martin, Enrique"]
[Black "Portela Peleteiro, Alberto"]
[Result "0-1"]
[ECO "B07"]
[WhiteElo "2209"]
[BlackElo "2375"]
[Annotator "ChessBase"]
[PlyCount "108"]
[EventDate "2019.08.19"]
[EventType "team-tourn"]
[EventCountry "ESP"]
[SourceTitle "playchess.com"]
[Source "ChessBase"]
[SourceQuality "1"]
[TimeControl "5400+30"]

1. d4 d6 2. e4 Nf6 3. Nc3 Nbd7 4. g3 e5 5. Nge2 Be7 6. Bg2 O-O 7. O-O Re8 8. Re1 c6 9. a4 b6 10. f3 Qc7 11. Be3 Bb7 12. Qd2 a6 13. g4 Nf8 14. Ng3 Ne6 15. Nce2 b5 16. c3 g6 17. b3 Bf8 18. a5 Bg7 19. Red1 Rad8 20. Qc2 Nd7 21. f4 exf4 22. Nxf4 c5 23. Qd2 Nxf4 24. Bxf4 Nf6 25. Bg5 Rd7 26. Qf4 d5 27. e5 Ne4 28. Nxe4 dxe4 29. Bxe4 h6 30. Bxh6 Bxh6 31. Qxh6 Bxe4 32. Re1 Bb7 33. e6 Rdd8 34. Re5 Rxe6 35. Rxe6 fxe6 36. Qxg6+ Qg7 37. Qxe6+ Qf7 38. Qh6 Rf8 39. Qg5+ Kh7 40. Qh4+ Kg7 41. Qg5+ Qg6 42. Qxg6+ Kxg6 43. dxc5 Kg5 44. Rf1 Bf3 45. Re1 Bxg4 46. Re7 Bh3 47. Re5+ Kg6 48. Re1 Rf3 49. Rc1 Kf6 50. b4 Ke5 51. Rd1 Rf6 52. c6 Rxc6 53. Rd3 Bf5 54. Rg3 Rg6 0-1

[Event "ESP-chT 2nd Division 2019"]
[Site "Linares"]
[Date "2019.08.22"]
[Round "5.37"]
[White "Veiga, Jose Francisco R P N"]
[Black "Rodriguez Perez, Angel Mariano"]
[Result "1/2-1/2"]
[ECO "B26"]
[WhiteElo "2346"]
[BlackElo "2223"]
[Annotator "NA"]
[PlyCount "151"]
[EventDate "2019.08.19"]
[EventType "team-tourn"]
[EventCountry "ESP"]
[SourceTitle "playchess.com"]
[Source "ChessBase"]
[SourceQuality "1"]
[TimeControl "5400+30"]

1. g3 c5 2. Bg2 Nc6 3. e4 g6 4. Nc3 Bg7 5. d3 d6 6. Be3 Nf6 7. Qd2 Ng4 8. Bf4 e5 9. Bg5 f6 10. Be3 Nxe3 11. fxe3 O-O 12. Bh3 Bxh3 13. Nxh3 Qd7 14. Ng1 Ne7 15. Nge2 d5 16. Nxd5 Nxd5 17. exd5 Qxd5 18. e4 Qd7 19. Nc3 Qd4 20. O-O-O f5 21. Rhe1 f4 22. Rf1 fxg3 23. hxg3 Rxf1 24. Rxf1 Rf8 25. Rxf8+ Bxf8 26. Qe1 c4 27. Qe2 Qg1+ 28. Qd1 Qxg3 29. dxc4 Qe3+ 30. Kb1 Qd4 31. Qf1 Bc5 32. Nd1 Qxe4 33. a3 Bd4 34. Qh3 Qf5 35. Qh4 g5 36. Qh5 Kg7 37. Ka2 Qg6 38. Qg4 h5 39. Qd7+ Qf7 40. Qc8 b5 41. b3 bxc4 42. bxc4 g4 43. c3 Bb6 44. Kb3 g3 45. Qh3 Qg6 46. Qd7+ Qf7 47. Qh3 Bf2 48. Ne3 Kg6 49. Nd5 e4 50. Qh4 Qf3 51. Ne7+ Kf7 52. Nc6 Qd1+ 53. Kb2 Kg6 54. Qxe4+ Kg5 55. Ne5 Qd2+ 56. Kb3 Qd1+ 57. Kb2 Qd2+ 58. Kb3 Qd1+ 59. Kb4 Qd6+ 60. Ka4 Qd1+ 61. Kb5 Qb3+ 62. Kc6 Qa4+ 63. Kd5 Qa5+ 64. Ke6 Qb6+ 65. Kd7 Qf6 66. Ke8 Qe6+ 67. Kf8 Qf5+ 68. Nf7+ Kg6 69. Qc6+ Qf6 70. Qe4+ Qf5 71. Qc6+ Qf6 72. Qe4+ Qf5 73. Qc6+ Qf6 74. Qe4+ Qf5 75. Qc6+ Qf6 76. Qe4+ 1/2-1/2